 Dungeon Crawl Stone Soup version 0.30-a0-622-gddc90eaa04 (webtiles) character file.

Game seed: 12357787996165670240

21 Leeroy the Insei (level 2, 21/21 HPs)
             Began as a Merfolk Transmuter on Jan 10, 2023.
             Got out of the dungeon alive.
             The game lasted 00:01:10 (486 turns).

Leeroy the Insei (Merfolk Transmuter)                Turns: 486, Time: 00:01:10

Health: 21/21      AC:  2    Str: 10    XL:     2   Next: 87%
Magic:  5/5        EV: 12    Int: 12    God:
Gold:   0          SH:  0    Dex: 14    Spells: 4/5 levels left

rFire   . . .      SeeInvis .      - Unarmed
rCold   . . .      Faith    .    (no shield)
rNeg    . . .      Spirit   .    a - +0 robe
rPois   .          Reflect  .    (no helmet)
rElec   .          Harm     .    (no cloak)
rCorr   .          Rampage  .    (no gloves)
Will    .....                    (no boots)
Stlth   +                        (no amulet)
HPRegen 0.23/turn                (no ring)
MPRegen 0.09/turn                (no ring)

@: no status effects
A: (nimble swimmer 2), mertail
a: no special abilities


You escaped.
You visited 1 branch of the dungeon, and saw 1 of its levels.

Inventory:

Armour
 a - a +0 robe (worn)
Scrolls
 c - 2 scrolls of fear {unknown}
 f - a scroll of enchant weapon {unknown}
 g - a scroll of identify {unknown}
 h - a scroll of fog {unknown}
 i - a scroll of immolation {unknown}
Potions
 b - a potion of lignification
 d - a potion of resistance {unknown}
 e - a potion of invisibility {unknown}


   Skills:
 - Level 1.1 Fighting
 - Level 2.6 Dodging
 * Level 4.4 Unarmed Combat
 - Level 2.0 Spellcasting
 - Level 2.6 Transmutations


You had 4 spell levels left.
You knew the following spells:

 Your Spells              Type           Power      Damage    Failure   Level
a - Beastly Appendage     Tmut           14%        N/A       9%          1

Your spell library contained the following spells:

 Spells                   Type           Power      Damage    Failure   Level
 Wereblood                Tmut           7%         N/A       14%         2
 Passwall                 Tmut/Erth      3%         N/A       24%         2
 Ensorcelled Hibernation  Hex/Ice        2%         N/A       38%         2
 Spider Form              Tmut/Pois      4%         N/A       43%         3
 Swiftness                Air            1%         N/A       63%         3
 Ice Form                 Ice/Tmut       4%         N/A       83%         4


Dungeon Overview and Level Annotations

Branches:
Dungeon (1/15)

Altars:


Innate Abilities, Weirdness & Mutations

((You are very nimble when in or above water. (Stealth+, EV+, Speed+++)))
Your lower body shifts to a powerful aquatic tail in water.


Message History

No target in view!
No target in view!
No target in view!
No target in view!
An endoplasm comes into view.
An endoplasm is nearby!
An endoplasm is nearby!
The endoplasm quivers.
The endoplasm hits you but does no damage.
You hit the endoplasm.
The endoplasm is moderately wounded.
The endoplasm barely misses you.
You hit the endoplasm.
The endoplasm is heavily wounded.
The endoplasm hits you.
You hit the endoplasm.
You kill the endoplasm!
No target in view!
No target in view!
No target in view!
No target in view! 2 rats come into view.
You see here a gold piece.
There are monsters nearby!
The rat bites you.
You hit the rat.
You kill the rat!
No target in view!
No target in view!
No target in view!
No target in view!
No target in view!
No target in view!
No target in view!
No target in view!
You see here a rat corpse.
You see here a +0 dagger.
There is a staircase leading out of the dungeon here.
Are you sure you want to leave the Dungeon?
This will make you lose the game!
You have escaped!

#.....>......#.#...)..........
#...##.#####.#.###.##..#######
######.# #.....#.#...# #.#
#.....#.###.# #.# #..##.#.#
#.# #(# #..##.#.# #)# #.#
#..##.#.# #.# #.#
#######.#####8# #@..........>.
######.#####8# #.# #.# #.# #.#
#.# #.#


There were no monsters in sight!

Vanquished Creatures
  A ball python (D:1)
  3 endoplasms (D:1)
  3 giant cockroaches (D:1)
  4 goblins (D:1)
  A hobgoblin (D:1)
  3 bats (D:1)
  2 rats (D:1)
17 creatures vanquished.

Notes
Turn   | Place    | Note
-------+----------+-------------------------------------------
     0 | D:1      | Leeroy the Merfolk Transmuter began the quest for the Orb.
     0 | D:1      | Reached XP level 1. HP: 15/15 MP: 3/3
    70 | D:1      | Reached XP level 2. HP: 21/21 MP: 5/5
    75 | D:1      | Reached skill level 4 in Unarmed Combat
   486 | D:$      | Got out of the dungeon alive.

Illustrated notes

Levels and vault maps discovered:
D:1:      lemuel_arrival_cross, layout_loops_ring, kennysheep_minor_cross,
          roderic_nine_men_s_morris

Skill      XL: |  1  2 |
---------------+-------+-----
Unarmed Combat | 4 |  4.4
Fighting       | |  1.1
Dodging        | |  2.6
Spellcasting   | |  2.0
Transmutations | |  2.6

Action                   || total
-------------------------++-------
Melee: Unarmed           ||    41
       Punch             ||     3
 Stab: Sleeping          ||     1
Armor: Robe              ||     9
Dodge: Dodged            ||    38

Table legend: (Time is in decaauts)
 A = Elapsed time spent in this place.
 B = Non-inter-level travel time spent in this place.
 C = Inter-level travel time spent in this place.
 D = Time resting spent in this place.
 E = Time spent auto-exploring this place.
 F = Levels seen in this place.
 G = Mean time per level.
                   A        B        C        D        E       F      G
               +--------+--------+--------+--------+--------+-----+--------+
         Total |    483 |    399 |     84 |      0 |    295 |   1 |  483.0 |
       Dungeon |    483 |    399 |     84 |      0 |    295 |   1 |  483.0 |
               +--------+--------+--------+--------+--------+-----+--------+

Top non-repeatable levels by time:
     D:1: 483 daAuts
